 Dungeon Crawl Stone Soup version 0.24.0-2-g5b39cebb1c (webtiles) character file.

Game seed: 2139844165897253930, levelgen mode: deterministic

711 Mesmaeker13 the Stinger (level 7, 0/36 HPs)
             Began as an Octopode Venom Mage on Oct 31, 2019.
             Was an Initiate of Hepliaklqana.
             Slain by a hell rat (18 damage)
             ... on level 7 of the Dungeon.
             The game lasted 00:15:00 (7089 turns).

Mesmaeker13 the Stinger (Octopode Venom Mage)       Turns: 7089, Time: 00:15:01

Health: 0/36       AC:  1    Str:  7    XL:     7   Next: 68%
Magic:  14/19      EV: 20    Int: 19    God:    Hepliaklqana [......]
Gold:   419        SH:  6    Dex: 13    Spells: 3/10 levels left

rFire    . . .     SeeInvis .   y - +0 whip (venom)
rCold    . . .     Gourm    .   (no shield)
rNeg     . . .     Faith    .   (helmet restricted)
rPois    .         Spirit   .   d - +6 amulet of reflection
rElec    .         Reflect  +   e - +5 ring of evasion
rCorr    .         Harm     .   n - ring of protection from magic
MR       +....                  C - ring of magical power
Stlth    +++.......             (no ring)
HPRegen  0.12/turn              (no ring)
MPRegen  0.16/turn              (no ring)
                                (no ring)
                                (no ring)

@: no status effects
A: almost no armour, stealthy swim, amphibious, 8 rings, constrict 8, reduced
essence, camouflage 1, gelatinous body 1
a: Recall Ancestor, Ancestor Identity, Renounce Religion


You were on level 7 of the Dungeon.
You worshipped Hepliaklqana.
Hepliaklqana was noncommittal.
You were not hungry.

You visited 2 branches of the dungeon, and saw 8 of its levels.
You also visited: Sewer.

You collected 419 gold pieces.

Inventory:

Hand Weapons
 t - a +1 rapier
 y - a +0 whip of venom (weapon)
 D - a +4 hand axe of freezing
Missiles
 u - 16 poisoned darts (quivered)
 J - a throwing net
Armour
 f - a +2 shield of cold resistance
Magical Staves
 A - an uncursed staff of conjuration
Jewellery
 d - a +6 amulet of reflection (around mantle)
 e - a +5 ring of evasion (left tentacle)
 n - a ring of protection from magic (right tentacle)
 C - a ring of magical power (on tentacle)
Wands
 v - a wand of random effects (22)
Scrolls
 c - 4 scrolls of teleportation
 g - 2 scrolls of fear
 h - 3 scrolls of blinking
 k - a scroll of amnesia {unknown}
 m - 2 scrolls of enchant weapon
 o - 2 scrolls of magic mapping
 q - a scroll of immolation {unknown}
 w - a scroll of fog {unknown}
 x - a scroll of enchant armour {unknown}
 E - 2 scrolls of remove curse {unknown}
 I - a scroll of random uselessness {unknown}
Potions
 a - a potion of berserk rage {unknown}
 i - 3 potions of cancellation
 j - a potion of flight {unknown}
 l - 3 potions of heal wounds
 p - 2 potions of ambrosia {unknown}
 r - a potion of agility {unknown}
 s - 2 potions of resistance {unknown}
 z - 2 potions of mutation {unknown}
 B - a potion of brilliance {unknown}
 F - 3 potions of curing {unknown}
 G - 4 potions of might {unknown}
 H - a potion of magic {unknown}
Comestibles
 b - 5 rations
 K - a chunk of flesh


   Skills:
 + Level 5.1 Dodging
 - Level 2.6 Stealth
 - Level 2.0 Spellcasting
 + Level 3.3 Conjurations
 - Level 3.0 Air Magic
 + Level 6.7 Poison Magic


You had 3 spell levels left.
You knew the following spells:

 Your Spells              Type           Power        Failure   Level  Hunger
a - Sting                 Conj/Pois      ###.         2%          1    #......
b - Poisonous Vapours     Pois/Air       ###...       3%          2    ###....
c - Mephitic Cloud        Conj/Pois/Air  ###.....     9%          3    ###....
d - Magic Dart            Conj           ##..         4%          1    #......

Your spell library contained the following spells:

 Spells                   Type           Power        Failure   Level  Hunger
 Blink                    Tloc           N/A          26%         2    ###....
 Call Imp                 Summ           #.......     26%         2    ###....
 Slow                     Hex            #.......     26%         2    ###....
 Conjure Flame            Conj/Fire      #.......     26%         3    ###....
 Olgreb's Toxic Radiance  Pois           ####....     11%         4    #####..
 Venom Bolt               Conj/Pois      ###.......   52%         5    ######.


Dungeon Overview and Level Annotations

Branches:
Dungeon (7/15)             Temple (1/1) D:6           Sewer (visited)

Altars:
Ashenzari
Cheibriados
Dithmenos
Elyvilon
Fedhas
Gozag
Hepliaklqana
Kikubaaqudgha
Makhleb
Nemelex Xobeh
Okawaru
Qazlal
Ru
Sif Muna
Trog
Uskayaw
Vehumet
Wu Jian
Xom
Yredelemnul
Zin
The Shining One


Innate Abilities, Weirdness & Mutations

You cannot wear most types of armour.
You are very stealthy in the water. (Stealth+)
You are amphibious.
You can wear up to eight rings at the same time.
You can use your tentacles to constrict eight enemies at once.
Your skin changes colour to match your surroundings (Stealth+).
Your rubbery body absorbs attacks. (AC +1, EV +1)
Your life essence is reduced to manifest your ancestor. (-10% HP)


Message History

Casting: Poisonous Vapours (safe; 3% risk of failure)
Confirm with . or Enter, or press ? or * to list all spells.
Aiming: Poisonous Vapours (safe; 3% risk of failure)
Press: ? - help, Dir - move target cursor, f/p - hell rat
Aim: a hell rat (heavily wounded) Poisonous vapours surround the hell rat!
The hell rat is poisoned.
The hell rat bites you! You block the hell rat's attack.
The hell rat looks more healthy.
Casting: Poisonous Vapours (safe; 3% risk of failure)
Confirm with . or Enter, or press ? or * to list all spells.
Aiming: Poisonous Vapours (safe; 3% risk of failure)
Press: ? - help, Dir - move target cursor, f/p - hell rat
Aim: a hell rat (severely wounded) Poisonous vapours surround the hell rat!
The hell rat is engulfed in poison gas.
The hell rat is poisoned.
The hell rat bites you.
The hell rat looks even sicker.
The hell rat bites you. The hell rat bites you!!
Ouch! That really hurt!
You die...

####...........#
#..............#
####...........#
#.#........## #.#........##
##############...........#
##
#.##..#..................#
##.
###.##.##.#######..>.......#
#..
...............r@.....(....#
#.#
..###....########....(.....#
#.# .####..### ##........##
#.# .##...## ######......##
#.# ##..#.# #...#####.###
#.# ...##.# #...# #.# #.#
.###..# #...# #.# #.# .#
#.## #...## #.# ##.# .###.#
###....####.# #..#


You could see a hell rat.

Vanquished Creatures
  An ogre (D:5)
  A bullfrog (D:6)
  3 orc wizards
  A bullfrog skeleton (D:4)
  Jessica (D:3)
  A centaur skeleton (D:4)
  An iguana (D:5)
  3 worker ants
  A hound skeleton (D:7)
  A worker ant zombie (D:6)
  3 gnolls (D:4)
  7 adders
  2 river rats (D:7)
  An ooze (D:3)
  An adder zombie (D:6)
  An adder skeleton (D:4)
  A worm (D:5)
  3 leopard geckos
  8 orcs
  2 bats (D:1)
  2 giant cockroaches
  6 goblins
  7 hobgoblins
  9 jackals
  9 kobolds
  4 quokkas
  5 ball pythons
  7 frilled lizards
  12 rats
104 creatures vanquished.

Vanquished Creatures (collateral kills)
  A hound (D:7)
  A hell rat (D:7)
  An adder zombie (D:6)
  An orc (D:7)
  2 quokkas (D:7)
  A rat (D:7)
7 creatures vanquished.

Vanquished Creatures (others)
  An ancestor (D:7)
1 creature vanquished.

Grand Total: 112 creatures vanquished

Notes
Turn   | Place    | Note
-------+----------+-------------------------------------------
     0 | D:1      | Mesmaeker13 the Octopode Venom Mage began the quest for the
                  | Orb.
     0 | D:1      | Reached XP level 1. HP: 11/11 MP: 3/3
   416 | D:1      | Reached XP level 2. HP: 14/17 MP: 0/5
   956 | D:2      | Learned a level 2 spell: Poisonous Vapours
   994 | D:2      | Reached skill level 4 in Poison Magic
  1235 | D:2      | Reached XP level 3. HP: 21/21 MP: 3/6
  2435 | D:3      | Learned a level 3 spell: Mephitic Cloud
  2684 | D:3      | Reached XP level 4. HP: 27/27 MP: 4/7
  2741 | D:3      | Noticed Jessica
  2748 | D:3      | Killed Jessica
  2748 | D:3      | Reached skill level 1 in Air Magic
  3331 | D:4      | Reached XP level 5. HP: 31/31 MP: 5/8
  3362 | D:4      | Reached skill level 5 in Poison Magic
  3881 | D:4      | Reached XP level 6. HP: 30/36 MP: 3/9
  4291 | D:5      | Entered Level 5 of the Dungeon
  4322 | D:5      | Learned a level 1 spell: Magic Dart
  4333 | D:5      | Found a sparkling altar of Nemelex Xobeh.
  4374 | D:5      | Found a glowing drain.
  4391 | Sewer    | Entered a sewer
  5133 | D:5      | Reached skill level 6 in Poison Magic
  5133 | D:5      | Reached XP level 7. HP: 41/41 MP: 10/10
  5178 | D:5      | Found a shattered altar of Ashenzari.
  6009 | D:6      | Found a staircase to the Ecumenical Temple.
  6033 | Temple   | Entered the Ecumenical Temple
  6151 | Temple   | Became a worshipper of Hepliaklqana the Forgotten
  6840 | D:7      | Reached skill level 5 in Dodging
  7089 | D:7      | Slain by a hell rat

Levels and vault maps discovered:
D:1:      dpeg_arrival_water_altar, layout_basic
D:2:      wander_river, layout_loops_corners, first_ration,
          minmay_small_reverse_x
D:3:      layout_basic, uniq_jessica
D:4:      layout_cave_pools
D:5:      layout_loops_ring, nicolae_overflow_crystal_walls,
          cheibrodos_sewer_entry_bend, nicolae_ashenzari_panopticon
D:6:      layout_rooms, minmay_temple_entry_steel_oval
D:7:      lemuel_ratsnest, layout_rooms
Temple:   roderic_octagonal_lattice_temple

Skill      XL: |  1  2  3  4  5  6  7 |
---------------+----------------------+-----
Poison Magic   | 4 5 6 |  6.7
Conjurations   | 2 3 |  3.3
Dodging        | 3 4 5 |  5.1
Air Magic      | 1 2 3 |  3.0
Stealth        | |  2.6
Spellcasting   | |  2.0

Action                   |  1- 3 |  4- 6 |  7- 9 || total
-------------------------+-------+-------+-------++-------
Melee: Unarmed           |    16 |       |       ||    16
       Constrict         |     7 |    19 |     9 ||    35
       Tentacles         |     5 |    11 |     6 ||    22
       Rapier            |     5 |    28 |       ||    33
       Whip              |       |    35 |    27 ||    62
 Cast: Sting             |    52 |    63 |    15 ||   130
       Poisonous Vapours |     3 |     7 |    12 ||    22
       Magic Dart        |       |       |     6 ||     6
       Mephitic Cloud    |       |       |     1 ||     1
  Use: Scroll            |     4 |     4 |     1 ||     9
 Stab: Sleeping          |     1 |     4 |     1 ||     6
  Eat: Chunk             |     6 |     5 |     4 ||    15
       Ration            |       |     1 |     1 ||     2
Armor: Skin              |       |     1 |     1 ||     2
Dodge: Dodged            |    33 |    60 |    18 ||   111
Block: Other             |       |     4 |     8 ||    12
